AoeStats
← |F*ck!n| nanO''

Migration

510093524Analyzed
1v1 RM · 3d ago on Sep 29, 2026· 54m 34s· 2 players
Game mode
Random Map
Map size
132×132
Population
200
Speed
Normal
Resources
Standard
Victory
Conquest
Starting age
Dark Age
Ending age
Imperial Age
RankedLock teamsTeams togetherTeam positionsShared explorationLock speedFull tech treeHidden civsTurbo modeCheats
Victory
Defeat
🇨🇳 Mongols · China
753
+14
🇪🇸 Gurjaras · Spain
701
-14
|F*ck!n| nanO''
3:03 Loom
11:46 Feudal Age
12:18 Double-Bit Axe
15:09 Fishing Lines
17:40 Wheelbarrow
17:47 Loom
20:04 Castle Age
21:54 Medium Warships
22:06 Medium Warships
21:51 Gillnets
28:07 Bloodlines
28:32 Clinker Construction
30:17 Ballistics
32:16 Hand Cart
35:05 Husbandry
36:42 Kshatriyas
43:20 Imperial Age
45:37 Chemistry
47:36 Scale Barding Armor
49:43 Heavy Warships
1451129173
12:06 Feudal Age
13:32 Wheelbarrow
12:47 Double-Bit Axe
17:11 Gold Mining
17:11 Stone Mining
22:34 Castle Age
22:23 Forging
24:19 Medium Warships
25:38 Hand Cart
25:36 Bow Saw
26:44 Stone Shaft Mining
26:45 Gold Shaft Mining
30:53 Imperial Age
31:02 Imperial Age
29:06 Fletching
29:16 Padded Archer Armor
29:48 Bodkin Arrow
30:16 Ballistics
34:27 Bracer
34:42 Leather Archer Armor
50:30 Heavy Warships
52:24 Chemistry
53:15 Clinker Construction
53:16 Careening
53:54 Siege Engineers
Connection lost

Rejoining the realm…

Still unreachable

The connection could not be restored.

Session expired

The server has moved on; the page needs a fresh start.